 Dungeon Crawl Stone Soup version 0.29.0-4-gdea44cf6ec (webtiles) character file.

Game seed: 14044303923170631340

12125 qw the Brawler (level 11, 0/109 HPs)
             Began as a Troll Cinder Acolyte on Sept 2, 2022.
             Was a Follower of Ignis.
             Succumbed to a cane toad's poison
             ... on level 1 of the Lair of Beasts.
             The game lasted 00:04:28 (7765 turns).

qw the Brawler (Troll Cinder Acolyte)               Turns: 7765, Time: 00:04:29

Health: 0/109      AC: 15    Str: 28    XL:     11   Next: 58%
Magic:  11/11      EV:  9    Int: 10    God:    Ignis [*.....]
Gold:   485        SH:  0    Dex:  5    Spells: 12/12 levels left

rFire   + + .      SeeInvis .     - Unarmed
rCold   . . .      Faith    .   (no shield)
rNeg    . . .      Spirit   .   f - +1 animal skin
rPois   .          Reflect  .   k - +2 hat
rElec   .          Harm     .   m - +0 cloak
rCorr   .          Rampage  .   (gloves unavailable)
Will    .....                   (boots unavailable)
Stlth   +.........              d - amulet of regeneration
HPRegen 1.88/turn               j - ring of protection from fire
MPRegen 0.12/turn               (no ring)

@: lethally poisoned (0 -> -3), fiery-armoured
A: large, unfitting armour, claws 3, regeneration 1, shaggy fur 1, tough skin 1
a: Renounce Religion, Fiery Armour, Foxfire Swarm, Rising Flame


You were on level 1 of the Lair of Beasts.
You worshipped Ignis.
Ignis was aware of your devotion.
You visited 2 branches of the dungeon, and saw 10 of its levels.

You collected 521 gold pieces.
You spent 36 gold pieces at shops.


Innate Abilities, Weirdness & Mutations

You are too large for most types of armour.
You have claws for hands.
Your natural rate of healing is unusually fast.
You are covered in fur. (AC +1)
You have tough skin. (AC +1)


   Skills:
 - Level 7.0 Fighting
 - Level 2.0 Throwing
 - Level 2.2 Armour
 - Level 2.1 Dodging
 + Level 16.9 Unarmed Combat
 - Level 1.0 Spellcasting
 - Level 2.1 Fire Magic


You had 12 spell levels left.
You didn't know any spells.
Your spell library contained the following spells:

 Spells                   Type           Power      Damage    Failure   Level
 Scorch                   Fire           8%         2d5       22%         2

Inventory:

Missiles
 a - a boomerang (quivered)
Armour
 f - a +1 animal skin (worn)
 k - a +2 hat (worn)
 m - a +0 cloak (worn)
Jewellery
 d - an amulet of regeneration (around neck)
 j - a ring of protection from fire (left claw)
Scrolls
 b - 4 scrolls of enchant weapon
 g - 7 scrolls of identify
Potions
 c - a potion of mutation
 e - a potion of heal wounds
 h - 2 potions of might
 i - 3 potions of haste

Dungeon Overview and Level Annotations

Branches:
Dungeon (8/15)             Temple (0/1) D:5            Lair (2/5) D:8
  Swamp: Lair:2-3    Shoals: Lair:2-3     Snake: Lair:2-3    Spider: Lair:2-3

Altars:
Ashenzari
Kikubaaqudgha
Okawaru
Qazlal
Trog
Xom
Yredelemnul
Zin

Shops:
D:3 *   D:4 :   D:6 (   D:7 (

Annotations:
D:2 1 runed translucent door, Crazy Yiuf
D:5 1 runed translucent door, qw's ghost, amateur TeWr
D:6 3 runed translucent doors, qw's ghost, novice TrCA


Message History

You are poisoned.
The cane toad poisons you!
You mangle the cane toad!!
The cane toad is severely wounded.
You feel very sick. The cane toad stings you!
You are more poisoned.
The cane toad poisons you!
You closely miss the cane toad.
The cane toad is severely wounded.
You feel very sick. The cane toad stings you!
You are more poisoned.
The cane toad poisons you!
You scratch the cane toad. Your claw misses the cane toad.
The cane toad is severely wounded.
You feel extremely sick. The cane toad stings you!
7759 ||| INVOKING Fiery Armour.
A protective cloak of flame settles atop you.
You feel extremely sick. The cane toad stings you!
You are lethally poisoned!
The cane toad poisons you!
The cane toad is burned by your cloak of flames.
The cane toad is severely wounded.
You mangle the cane toad!!
You kill the cane toad!
You feel extremely sick.
7761 ||| STAIRDANCE You feel extremely sick.
You climb upwards.
You feel extremely sick.
There is a stone staircase leading down here.
There is a lethal amount of poison in your body!
You feel very sick.
There is a lethal amount of poison in your body!
You feel very sick.
There is a lethal amount of poison in your body!
You die...

.......###..# ##.+#### ##..####
##.# ### ##..# #..## ####'####P##
#.## ....# #P.........## ### #.#
###
...)#####....[.....###.###'###.#
........'.........'.###........##
.../###.#.........#[###.......##P
....# ###.........#...#.......'..
....# ##.......@.##..#.......###
#.### #P.........###.'.......#
#..## ##.........# ###.......##
##..# ###.#P'#.## #.###'##.#
#.[## ####...# ####..#### ##..##
###.# ##.## ####%.# #.# #..#
......# #####'### ####.#######
......######.......###.P.........


There were no monsters in sight!

Vanquished Creatures
  Gastronok (Lair:1)
  A two-headed ogre (D:8)
  A death yak (D:8)
  Pikel (D:5)
  5 elephants
  2 black mambas (Lair:1)
  3 cane toads
  A komodo dragon (Lair:1)
  Grinder (D:5)
  9 blink frogs (Lair:1)
  3 wyverns
  A wraith (D:7)
  4 yaks (Lair:1)
  2 basilisks (Lair:1)
  Menkaure (D:7)
  Duvessa (D:7)
  6 water moccasins
  An ice beast (D:5)
  4 black bears
  2 sky beasts (D:6)
  3 lemures (D:5)
  A phantom (D:5)
  A kobold brigand (D:7)
  A bullfrog (Lair:1)
  2 scorpions
  Dowan (D:7)
  3 howler monkeys (D:8)
  4 hounds
  2 orc priests (D:8)
  A jelly (D:4)
  A gnoll bouda (D:4)
  Terence (D:3)
  An iguana (D:4)
  Ijyb (D:3)
  4 orc wizards
  Robin (D:2)
  8 gnolls (D:4)
  3 adders
  A river rat (D:6)
  3 shadow imps
  An ufetubus (D:5)
  2 worms (D:2)
  4 dart slugs
  10 orcs
  A bat (D:3)
  8 endoplasms
  5 giant cockroaches
  13 goblins
  5 hobgoblins
  5 jackals (D:1)
  17 kobolds
  3 quokkas
  6 ball pythons
  3 frilled lizards
  6 rats
182 creatures vanquished.

Vanquished Creatures (others)
  A wizard (D:7)
  A fungus (D:8)
  9 plants
11 creatures vanquished.

Grand Total: 193 creatures vanquished

Notes
Turn   | Place    | Note
-------+----------+-------------------------------------------
     0 | D:1      | qw the Troll Cinder Acolyte began the quest for the Orb.
     0 | D:1      | Reached XP level 1. HP: 22/22 MP: 1/1
     0 | D:1      | 0 ||| qw: Version: 0.1-a-97-g2dd2ca4
     0 | D:1      | 0 ||| qw: Game counter: 4953
     0 | D:1      | 0 ||| qw: Always use a shield: true
     0 | D:1      | 0 ||| qw: God list: Okawaru
     0 | D:1      | 0 ||| qw: Allow faded altars: false
     0 | D:1      | 0 ||| qw: Do Orc after D:15 true
     0 | D:1      | 0 ||| qw: Do second Lair branch before Depths: true
     0 | D:1      | 0 ||| qw: Lair rune preference: random
     0 | D:1      | 0 ||| qw: Plans: Normal
     0 | D:1      | 0 ||| PLANNING D:1-11
    22 | D:1      | 22 ||| Stepping ~*~*~tactically~*~*~ (hiding).
   205 | D:1      | Reached XP level 2. HP: 29/29 MP: 2/2
   301 | D:1      | 301 ||| Stepping ~*~*~tactically~*~*~ (hiding).
   303 | D:1      | 303 ||| Stepping ~*~*~tactically~*~*~ (stealth).
   310 | D:1      | Reached skill level 4 in Unarmed Combat
   490 | D:1      | Reached XP level 3. HP: 36/36 MP: 3/3
   491 | D:1      | Found a faded altar of an unknown god.
   845 | D:1      | 845 ||| UPGRADING to ring of protection from fire.
   846 | D:1      | 846 ||| READING scroll labelled LOYXEPTUNGI.
   847 | D:1      | 847 ||| READING scroll labelled NANOTHR KINATRI.
   848 | D:1      | 848 ||| READING scroll labelled LEJOTU BEIDGH.
   849 | D:1      | 849 ||| READING 3 scrolls labelled LEDITA FOCKAIXT.
   850 | D:1      | 850 ||| READING scroll labelled OGRAOC ONKA.
   851 | D:1      | 851 ||| READING scroll labelled GIHEZA OHAGOMI.
   852 | D:1      | 852 ||| READING scroll labelled JONOIRAE WUGGY.
   857 | D:1      | 857 ||| DRINKING 2 lumpy ruby potions.
  1266 | D:2      | 1266 ||| Stepping ~*~*~tactically~*~*~ (stealth).
  1289 | D:2      | 1289 ||| Stepping ~*~*~tactically~*~*~ (stealth).
  1295 | D:2      | 1295 ||| Stepping ~*~*~tactically~*~*~ (outnumbered).
  1296 | D:2      | 1296 ||| Stepping ~*~*~tactically~*~*~ (outnumbered).
  1297 | D:2      | 1297 ||| Stepping ~*~*~tactically~*~*~ (stealth).
  1299 | D:2      | 1299 ||| Stepping ~*~*~tactically~*~*~ (outnumbered).
  1301 | D:2      | 1301 ||| Stepping ~*~*~tactically~*~*~ (outnumbered).
  1305 | D:2      | 1305 ||| Stepping ~*~*~tactically~*~*~ (outnumbered).
  1377 | D:2      | Noticed Robin
  1380 | D:2      | 1380 ||| INVOKING Fiery Armour.
  1381 | D:2      | Reached XP level 4. HP: 44/44 MP: 4/4
  1382 | D:2      | Reached skill level 5 in Unarmed Combat
  1385 | D:2      | Killed Robin
  1410 | D:2      | 1410 ||| Stepping ~*~*~tactically~*~*~ (stealth).
  1796 | D:2      | Found a runed translucent door.
  1797 | D:2      | Noticed Crazy Yiuf
  1800 | D:2      | 1800 ||| UPGRADING to +1 animal skin.
  1810 | D:2      | 1810 ||| DROPPING +0 robe.
  1811 | D:2      | 1811 ||| DROPPING ring of magical power.
  1812 | D:2      | 1812 ||| READING scroll labelled BAAPRO JYDGHIEG.
  1813 | D:2      | 1813 ||| DRINKING 2 glowing dark potions.
  1814 | D:2      | 1814 ||| READING 4 scrolls of identify.
  1814 | D:2      | 1814 ||| IDENTIFYING fuming brown potion
  1815 | D:2      | 1815 ||| READING 3 scrolls of identify.
  1815 | D:2      | 1815 ||| IDENTIFYING silvery potion
  1816 | D:2      | 1816 ||| DRINKING potion of experience.
  1816 | D:2      | Reached skill level 12 in Unarmed Combat
  1816 | D:2      | Reached XP level 5. HP: 50/50 MP: 5/5
  1817 | D:2      | 1817 ||| DROPPING potion of attraction.
  1880 | D:3      | Noticed Terence
  1887 | D:3      | Killed Terence
  2134 | D:3      | Noticed Ijyb
  2135 | D:3      | 2135 ||| Stepping ~*~*~tactically~*~*~ (hiding).
  2145 | D:3      | Killed Ijyb
  2162 | D:3      | Found an iron altar of Okawaru.
  2323 | D:3      | Found Rauculeb's General Store.
  2331 | D:3      | 2331 ||| BUYING scroll of teleportation (36 gold).
  2331 | D:3      | Bought a scroll of teleportation for 36 gold pieces
  2331 | D:3      | 2331 ||| SHOPLISTING wand of digging (5) (252 gold, have
                  | 104).
  2496 | D:3      | 2496 ||| READING scroll labelled ZIROECS GUUX.
  2497 | D:3      | 2497 ||| READING 5 scrolls of identify.
  2497 | D:3      | 2497 ||| IDENTIFYING white potion
  2498 | D:3      | 2498 ||| READING 4 scrolls of identify.
  2498 | D:3      | 2498 ||| IDENTIFYING fuming purple potion
  2499 | D:3      | 2499 ||| READING 3 scrolls of identify.
  2499 | D:3      | 2499 ||| IDENTIFYING amethyst potion
  2500 | D:3      | 2500 ||| DROPPING potion of ambrosia.
  2501 | D:3      | 2501 ||| DROPPING potion of brilliance.
  2502 | D:3      | 2502 ||| DROPPING potion of degeneration.
  2541 | D:4      | 2541 ||| Stepping ~*~*~tactically~*~*~ (hiding).
  2548 | D:4      | Reached XP level 6. HP: 44/59 MP: 6/6
  2553 | D:4      | Reached skill level 3 in Fighting
  2557 | D:4      | 2557 ||| FLEEEEING.
  2585 | D:4      | Found an ancient bone altar of Kikubaaqudgha.
  2637 | D:4      | Found a glowing silver altar of Zin.
  2682 | D:4      | 2682 ||| Stepping ~*~*~tactically~*~*~ (hiding).
  2684 | D:4      | 2684 ||| Stepping ~*~*~tactically~*~*~ (hiding).
  2685 | D:4      | 2685 ||| INVOKING Fiery Armour.
  2692 | D:4      | 2692 ||| Stepping ~*~*~tactically~*~*~ (hiding).
  2693 | D:4      | 2693 ||| Stepping ~*~*~tactically~*~*~ (outnumbered).
  2694 | D:4      | 2694 ||| Stepping ~*~*~tactically~*~*~ (outnumbered).
  2695 | D:4      | 2695 ||| Stepping ~*~*~tactically~*~*~ (outnumbered).
  2696 | D:4      | 2696 ||| Stepping ~*~*~tactically~*~*~ (outnumbered).
  2697 | D:4      | 2697 ||| Stepping ~*~*~tactically~*~*~ (outnumbered).
  2698 | D:4      | 2698 ||| Stepping ~*~*~tactically~*~*~ (outnumbered).
  2699 | D:4      | 2699 ||| Stepping ~*~*~tactically~*~*~ (outnumbered).
  2705 | D:4      | Reached skill level 1 in Throwing
  2745 | D:4      | 2745 ||| Stepping ~*~*~tactically~*~*~ (stealth).
  2747 | D:4      | 2747 ||| Stepping ~*~*~tactically~*~*~ (stealth).
  2749 | D:4      | 2749 ||| Stepping ~*~*~tactically~*~*~ (stealth).
  2808 | D:4      | Found Yduer's Book Shop.
  2834 | D:4      | Reached skill level 1 in Dodging
  2845 | D:4      | Identified the +6 sling of Deformation {vorpal, +Blink
                  | rPois rF- SInv}
  2857 | D:4      | Found a shimmering altar of Xom.
  2997 | D:4      | 2997 ||| Stepping ~*~*~tactically~*~*~ (outnumbered).
  3003 | D:4      | Reached XP level 7. HP: 63/67 MP: 7/7
  3040 | D:4      | 3040 ||| READING scroll labelled ZOAS LIFUO.
  3141 | D:4      | 3141 ||| READING 4 scrolls of identify.
  3141 | D:4      | 3141 ||| IDENTIFYING grey potion
  3144 | D:5      | Entered Level 5 of the Dungeon
  3176 | D:5      | Noticed Grinder
  3178 | D:5      | Paralysed by Grinder for 4 turns
  3187 | D:5      | Killed Grinder
  3499 | D:5      | 3499 ||| Stepping ~*~*~tactically~*~*~ (hiding).
  3530 | D:5      | Found a runed translucent door.
  3567 | D:5      | 3567 ||| Stepping ~*~*~tactically~*~*~ (stealth).
  3570 | D:5      | 3570 ||| Stepping ~*~*~tactically~*~*~ (stealth).
  3578 | D:5      | 3578 ||| Stepping ~*~*~tactically~*~*~ (stealth).
  3579 | D:5      | 3579 ||| Stepping ~*~*~tactically~*~*~ (stealth).
  3602 | D:5      | Noticed Pikel
  3606 | D:5      | 3606 ||| Stepping ~*~*~tactically~*~*~ (outnumbered).
  3607 | D:5      | 3607 ||| Stepping ~*~*~tactically~*~*~ (outnumbered).
  3608 | D:5      | 3608 ||| Stepping ~*~*~tactically~*~*~ (outnumbered).
  3609 | D:5      | 3609 ||| Stepping ~*~*~tactically~*~*~ (outnumbered).
  3610 | D:5      | 3610 ||| Stepping ~*~*~tactically~*~*~ (outnumbered).
  3613 | D:5      | 3613 ||| Stepping ~*~*~tactically~*~*~ (outnumbered).
  3624 | D:5      | Killed Pikel
  3625 | D:5      | Reached XP level 8. HP: 55/83 MP: 8/8
  3734 | D:5      | Found a staircase to the Ecumenical Temple.
  3735 | D:5      | 3735 ||| READING 4 scrolls of identify.
  3735 | D:5      | 3735 ||| IDENTIFYING metallic cyan potion
  3978 | D:5      | Noticed qw's ghost (amateur TeWr)
  3980 | D:5      | 3980 ||| READING scroll labelled MEYNUI ET GIQO.
  4030 | D:6      | 4030 ||| PLANNING SEWER
  4113 | D:6      | Found a runed translucent gate.
  4113 | D:6      | Found a runed translucent gate.
  4113 | D:6      | Found a runed translucent gate.
  4118 | D:6      | Noticed qw's ghost (novice TrCA)
  4145 | D:6      | Found Rimipt Lyon's Weapon Boutique.
  4499 | D:6      | Reached skill level 13 in Unarmed Combat
  4715 | D:6      | 4715 ||| RIP SEWER
  4767 | D:6      | 4767 ||| PLANNING D:1-11
  4767 | D:6      | 4767 ||| READING 4 scrolls of teleportation.
  4840 | D:6      | 4840 ||| Stepping ~*~*~tactically~*~*~ (stealth).
  4960 | D:7      | Reached XP level 9. HP: 69/89 MP: 9/9
  4968 | D:7      | 4968 ||| Stepping ~*~*~tactically~*~*~ (stealth).
  4969 | D:7      | 4969 ||| Stepping ~*~*~tactically~*~*~ (stealth).
  5011 | D:7      | Noticed Menkaure
  5017 | D:7      | 5017 ||| INVOKING Fiery Armour.
  5019 | D:7      | HP: 22/89 [??? (19)]
  5020 | D:7      | 5020 ||| READING 3 scrolls of teleportation.
  5021 | D:7      | 5021 ||| DRINKING 3 potions of heal wounds.
  5022 | D:7      | Killed Menkaure
  5092 | D:7      | Found a stormy altar of Qazlal.
  5160 | D:7      | 5160 ||| Stepping ~*~*~tactically~*~*~ (stealth).
  5161 | D:7      | 5161 ||| Stepping ~*~*~tactically~*~*~ (stealth).
  5164 | D:7      | 5164 ||| Stepping ~*~*~tactically~*~*~ (stealth).
  5169 | D:7      | 5169 ||| Stepping ~*~*~tactically~*~*~ (stealth).
  5170 | D:7      | 5170 ||| Stepping ~*~*~tactically~*~*~ (outnumbered).
  5171 | D:7      | 5171 ||| Stepping ~*~*~tactically~*~*~ (stealth).
  5172 | D:7      | 5172 ||| Stepping ~*~*~tactically~*~*~ (outnumbered).
  5300 | D:7      | Found a broken altar of Ashenzari.
  5456 | D:7      | Noticed Duvessa
  5456 | D:7      | Noticed Dowan
  5457 | D:7      | 5457 ||| INVOKING Fiery Armour.
  5465 | D:7      | Killed Duvessa
  5476 | D:7      | Killed Dowan
  5481 | D:7      | Found a basalt altar of Yredelemnul.
  5528 | D:7      | Found a bloodstained altar of Trog.
  5532 | D:7      | Found Qarauthi's Antique Weapon Shoppe.
  5568 | D:7      | Noticed a wizard
  5573 | D:7      | Killed a wizard
  5599 | D:7      | 5599 ||| UPGRADING to +0 cloak.
  5604 | D:7      | 5604 ||| READING scroll labelled UMIENAULOM.
  5605 | D:7      | 5605 ||| READING 5 scrolls of identify.
  5605 | D:7      | 5605 ||| IDENTIFYING ruby potion
  5606 | D:7      | 5606 ||| DROPPING potion of flight.
  5848 | D:7      | 5848 ||| READING 2 scrolls of teleportation.
  5849 | D:7      | 5849 ||| STAIRDANCE
  5978 | D:8      | Noticed a death yak
  5979 | D:8      | 5979 ||| Stepping ~*~*~tactically~*~*~ (stealth).
  5980 | D:8      | Noticed an elephant
  5981 | D:8      | 5981 ||| Stepping ~*~*~tactically~*~*~ (stealth).
  5982 | D:8      | 5982 ||| Stepping ~*~*~tactically~*~*~ (hiding).
  5986 | D:8      | 5986 ||| Stepping ~*~*~tactically~*~*~ (hiding).
  5988 | D:8      | 5988 ||| INVOKING Fiery Armour.
  5989 | D:8      | 5989 ||| Stepping ~*~*~tactically~*~*~ (outnumbered).
  5990 | D:8      | 5990 ||| Stepping ~*~*~tactically~*~*~ (outnumbered).
  5991 | D:8      | 5991 ||| Stepping ~*~*~tactically~*~*~ (outnumbered).
  5991 | D:8      | Found a staircase to the Lair.
  6000 | D:8      | Killed an elephant
  6002 | D:8      | 6002 ||| Stepping ~*~*~tactically~*~*~ (outnumbered).
  6003 | D:8      | 6003 ||| Stepping ~*~*~tactically~*~*~ (outnumbered).
  6006 | D:8      | 6006 ||| Stepping ~*~*~tactically~*~*~ (outnumbered).
  6007 | D:8      | 6007 ||| Stepping ~*~*~tactically~*~*~ (outnumbered).
  6009 | D:8      | 6009 ||| Stepping ~*~*~tactically~*~*~ (outnumbered).
  6010 | D:8      | 6010 ||| Stepping ~*~*~tactically~*~*~ (outnumbered).
  6013 | D:8      | HP: 18/89 [death yak (11)]
  6014 | D:8      | 6014 ||| READING scroll of teleportation.
  6014 | D:8      | HP: 4/89 [death yak (15)]
  6015 | D:8      | 6015 ||| DRINKING 3 potions of heal wounds.
  6016 | D:8      | Killed a death yak
  6017 | D:8      | Reached skill level 14 in Unarmed Combat
  6019 | D:8      | 6019 ||| Stepping ~*~*~tactically~*~*~ (outnumbered).
  6121 | D:8      | 6121 ||| Invisible monster not found???
  6177 | D:8      | Noticed a two-headed ogre
  6178 | D:8      | 6178 ||| INVOKING Fiery Armour.
  6188 | D:8      | Killed a two-headed ogre
  6189 | D:8      | Reached skill level 6 in Fighting
  6189 | D:8      | Reached XP level 10. HP: 85/100 MP: 10/10
  6224 | D:8      | 6224 ||| Stepping ~*~*~tactically~*~*~ (hiding).
  6248 | D:8      | 6248 ||| Stepping ~*~*~tactically~*~*~ (stealth).
  6261 | D:8      | 6261 ||| Stepping ~*~*~tactically~*~*~ (outnumbered).
  6316 | D:8      | 6316 ||| Stepping ~*~*~tactically~*~*~ (stealth).
  6322 | D:8      | 6322 ||| Stepping ~*~*~tactically~*~*~ (stealth).
  6529 | D:7      | 6529 ||| READING scroll of teleportation.
  6530 | D:7      | 6530 ||| PLANNING LAIR
  6605 | Lair:1   | Entered Level 1 of the Lair of Beasts
  6665 | Lair:1   | Noticed a cane toad
  6670 | Lair:1   | Killed a cane toad
  6704 | Lair:1   | 6704 ||| INVOKING Fiery Armour.
  6780 | Lair:1   | Reached skill level 15 in Unarmed Combat
  6829 | Lair:1   | Noticed an elephant
  6830 | Lair:1   | Noticed an elephant
  6830 | Lair:1   | Noticed an elephant
  6830 | Lair:1   | Noticed an elephant
  6833 | Lair:1   | Noticed a cane toad
  6836 | Lair:1   | Killed an elephant
  6843 | Lair:1   | Killed an elephant
  6848 | Lair:1   | Killed an elephant
  6850 | Lair:1   | Killed a cane toad
  6861 | Lair:1   | Killed an elephant
  6875 | Lair:1   | Noticed a black mamba
  6879 | Lair:1   | 6879 ||| Stepping ~*~*~tactically~*~*~ (stealth).
  6892 | Lair:1   | 6892 ||| INVOKING Fiery Armour.
  6892 | Lair:1   | Killed a black mamba
  6893 | Lair:1   | Reached XP level 11. HP: 40/107 MP: 11/11
  6897 | Lair:1   | HP: 25/107 [poisoned by a black mamba]
  6902 | Lair:1   | HP: 24/107 [poisoned by a black mamba]
  7023 | Lair:1   | 7023 ||| INVOKING Fiery Armour.
  7086 | Lair:1   | Reached skill level 16 in Unarmed Combat
  7111 | Lair:1   | 7111 ||| Stepping ~*~*~tactically~*~*~ (hiding).
  7118 | Lair:1   | 7118 ||| Stepping ~*~*~tactically~*~*~ (stealth).
  7145 | Lair:1   | 7145 ||| Stepping ~*~*~tactically~*~*~ (outnumbered).
  7174 | Lair:1   | 7174 ||| INVOKING Fiery Armour.
  7194 | Lair:1   | 7194 ||| Stepping ~*~*~tactically~*~*~ (outnumbered).
  7302 | Lair:1   | Noticed Gastronok
  7303 | Lair:1   | 7303 ||| Stepping ~*~*~tactically~*~*~ (hiding).
  7320 | Lair:1   | 7320 ||| INVOKING Fiery Armour.
  7321 | Lair:1   | HP: 22/109 [Gastronok (32)]
  7322 | Lair:1   | 7322 ||| DRINKING 2 potions of heal wounds.
  7324 | Lair:1   | Killed Gastronok
  7632 | Lair:1   | 7632 ||| Stepping ~*~*~tactically~*~*~ (stealth).
  7738 | Lair:1   | 7738 ||| UPGRADING to +2 hat.
  7743 | Lair:1   | 7743 ||| UPGRADING to amulet of regeneration.
  7748 | Lair:1   | 7748 ||| READING scroll labelled OGIMYG GETA.
  7759 | Lair:2   | 7759 ||| INVOKING Fiery Armour.
  7760 | Lair:2   | HP: 24/109 [poisoned by a cane toad]
  7761 | Lair:2   | 7761 ||| STAIRDANCE
  7762 | Lair:1   | HP: 8/109 [poisoned by a cane toad]
  7764 | Lair:1   | HP: 1/109 [poisoned by a cane toad]
  7765 | Lair:1   | Succumbed to a cane toad's poison

Levels and vault maps discovered:
D:1:      dpeg_arrival_round_c, layout_loops_cross,
          chequers_ecumenical_altar_simple, chequers_avenue,
          hangedman_decor_clover_reticule, grunt_decor_mini_mirrors,
          moated_statue
D:2:      layout_basic, uniq_crazy_yiuf_cottage, uniq_robin
D:3:      layout_loops_ring, okawaru_ov_weapons_minmay, serial_shops,
          shop_statue, uniq_ijyb, uniq_terence
D:4:      layout_rooms, kennysheep_mini, mainiacjoe_overflow_catch_the_wave,
          serial_shops, nicolae_diamond_shop, grunt_ministairs_10
D:5:      layout_loops_ring, minmay_temple_entry_glassed_door,
          ebering_ghost_sewer_d, serial_bayou, serial_bayou_pond_e,
          serial_bayou_ford_a, serial_bayou_shore_b, serial_bayou_lake_a,
          serial_bayou_pond_e, minmay_misc_feat_tower, uniq_grinder, uniq_pikel
D:6:      layout_loops_ring, serial_shops, shop, ebering_ghost_rock_garden,
          gup_sewer_entry_bowl
D:7:      layout_basic, lemuel_round_altar, trog_wizard,
          mainiacjoe_overflow_surrounded_room, lemuel_round_altar, serial_shops,
          nicolae_take_the_stairs, uniq_menkaure, uniq_duvessa
D:8:      layout_rooms, david_lair_generic, serial_bayou_crossing
Lair:1:   layout_roguey, uniq_gastronok
Lair:2:   layout_hall_layers, nicolae_spider_entry_orb_guardian,
          nicolae_volcano_entry_vermiform

Skill      XL: |  1  2  3  4  5  6  7  8  9 10 11 |
---------------+----------------------------------+-----
Unarmed Combat | 4 12 13 14 15 16 | 16.9
Fighting       | 3 5 6 7 |  7.0
Throwing       | 1 2 |  2.0
Dodging        | 1 2 |  2.1
Armour         | 2 |  2.2
Spellcasting   | |  1.0
Fire Magic     | |  2.1

Action                   |  1- 3 |  4- 6 |  7- 9 | 10-12 || total
-------------------------+-------+-------+-------+-------++-------
Melee: Unarmed           |   112 |   104 |   142 |   165 ||   523
       Punch             |     2 |     1 |     7 |    11 ||    21
Throw: Boomerang         |       |    20 |    33 |    23 ||    76
Invok: Fiery Armour      |     1 |     1 |     4 |     6 ||    12
  Use: Scroll            |     7 |     7 |    10 |     2 ||    26
       Potion            |     1 |     2 |     2 |     1 ||     6
Armor: Robe              |    39 |     8 |       |       ||    47
       Animal skin       |       |    19 |    44 |    33 ||    96
Dodge: Dodged            |    55 |    27 |    36 |    38 ||   156

Table legend:
 A = Non-vault XP
 B = Vault XP
 C = Vault XP percentage of total XP
 D = Non-vault monster count
 E = Vault monster count
 F = Vault count percentage of total count
                 A         B        C        D         E       F
            +---------+---------+-------+---------+---------+-------
      Total |   12611 |    4577 |  26.6 |     150 |      29 |  16.2
            +---------+---------+-------+---------+---------+-------
        D:1 |      47 |       0 |   0.0 |      24 |       0 |   0.0
        D:2 |      56 |      35 |  38.5 |      22 |      12 |  35.3
        D:3 |      26 |      74 |  74.0 |       9 |       2 |  18.2
        D:4 |     292 |      87 |  23.0 |      23 |       2 |   8.0
        D:5 |     515 |     889 |  63.3 |       8 |       2 |  20.0
        D:6 |     519 |      16 |   3.0 |       7 |       3 |  30.0
        D:7 |     623 |     390 |  38.5 |      10 |       3 |  23.1
        D:8 |    1416 |    1521 |  51.8 |      15 |       4 |  21.1
     Lair:1 |    8678 |    1565 |  15.3 |      31 |       1 |   3.1
     Lair:2 |     439 |       0 |   0.0 |       1 |       0 |   0.0
            +---------+---------+-------+---------+---------+-------
